 Dungeon Sprint DCSS version 0.31-a0-965-g8a8ce12e04 (webtiles) character file.

Game seed: 1941020108977116118

357 rocky1 the Grappler (level 6, 0/31 (35) HPs)
             Began as a Tengu Shapeshifter on Oct 26, 2023.
             Was an Initiate of Gozag.
             Slain by Joseph
             ... wielding a +1 quarterstaff of draining
              (4 damage)
             ... in the Dungeon (Sprint VII: "The Pits").
             The game lasted 00:01:31 (486 turns).

rocky1 the Grappler (Tengu Shapeshifter)             Turns: 486, Time: 00:01:32

HP:   0/31 (35)     AC:  8    Str: 16    XL:     6   Next: 64%
MP:   7/7           EV: 13    Int: 10    God:    Gozag
Gold: 909           SH:  0    Dex: 14    Spells: 5/5 levels left

rFire   . .          .
                       - Unarmed
rCold   . . .        (no shield)
rNeg    . . .        o - +3 ring mail
rPois   .            (helmet currently unavailable)
rElec   .            (cloak currently unavailable)
rCorr   .            (gloves currently unavailable)
SInv    .            (boots unavailable)
Will    .....        (no amulet)
Stlth   +            (no ring)
HPRegen 0.25/turn    (no ring)
MPRegen 0.10/turn

%: no teleportation, acrobat
@: beast-form, gold aura, heavily drained
A: beast (slay +4), beak, talons 3, acrobatic
a: Begin Untransformation, Renounce Religion, Potion Petition, Call Merchant,
Bribe Branch


You were in the Dungeon.
You worshipped Gozag.
Gozag was pleased with you.
You were a hulking beast.
You visited 1 branch You collected 909 gold pieces.

Inventory:

Armour
 a - a +0 animal skin
 o - a +3 ring mail (worn)
Talismans
 c - a beast talisman
 d - a flux talisman
Scrolls
 j - a scroll of blinking
 l - 2 scrolls of vulnerability
 m - 5 scrolls of amnesia
 n - a scroll of butterflies
Potions
 b - a potion of lignification
 e - 5 potions of curing
 f - 5 potions of heal wounds
 g - a potion of haste
 h - 4 potions of magic
 i - 3 potions of berserk rage
 k - 2 potions of invisibility


   Skills:
 + Level 2.2 Fighting
 + Level 2.6 Armour
 + Level 5.5 Dodging
 + Level 10.3 Unarmed Combat
 + Level 7.7 Shapeshifting


You had 5 spell levels left.
You didn't know any spells.
Your spell library was empty.

Dungeon Overview and Level Annotations

Branches:
Dungeon (1/1)

Altars:
Ashenzari
Cheibriados
Dithmenos
Elyvilon
Fedhas
Gozag
Hepliaklqana
Kikubaaqudgha
Makhleb
Nemelex Xobeh
Okawaru
Qazlal
Ru
Sif Muna
Trog
Uskayaw
Vehumet
Wu Jian
Xom
Yredelemnul
Zin
The Shining One
Jiyva
Lugonu

Annotations:
D Joseph


Innate Abilities, Weirdness & Mutations

You are a hulking beast.
Your limbs bulge with bestial killing power. (Slay +4)
You have a beak for a mouth.
You have claws for feet.
You can magically evade attacks while moving or waiting.


Message History

HP restored.
You now have 774 gold pieces (gained 99).
You now have enough gold to fund merchants seeking to open stores in the dungeon.
You now have 819 gold pieces (gained 45).
An orc comes into view. It is wielding a +0 whip.
The orc closely misses you.
You barely miss the orc. Your kick misses the orc. The orc barely misses you.
You punch the orc!
You kill the orc!
You now have 864 gold pieces (gained 45).
You see here a +0 whip.
You start waiting.
Done waiting.
You open the door.
A ball python skeleton comes into view.
You punch the ball python skeleton!
You destroy the ball python skeleton!
You now have 909 gold pieces (gained 45).
There is an open door here.
You open the door.
Joseph, a Mercenary comes into view.
He is wielding a +1 quarterstaff of draining.
Joseph shouts!
Joseph is distracted by your dazzling golden aura.
Joseph is no longer distracted by gold.
Joseph closely misses you.
There is an open door here.
You hit Joseph.
Joseph is lightly wounded.
Joseph misses you.
You barely miss Joseph. You peck Joseph.
Joseph is lightly wounded.
Joseph hits you with a +1 quarterstaff of draining!
You feel drained.
You punch Joseph! Your peck misses Joseph.
Joseph is moderately wounded.
Joseph hits you with a +1 quarterstaff of draining!!
Ouch! That really hurt!
* * * LOW HITPOINT WARNING * * *
You feel drained.
You die...
Your body crumbles into a pile of gold.

#.#...)))[.##.......#
#.#...)))..##.......#
#'###########.......#
#.......# #########
#.###...# #.#.....#
#.#...#.#+#
#.....#.#@+
#...###.#h#
#....)..'.#
###########


You could see Joseph.

Vanquished Creatures
  Prince Ribbit (D)
  Menkaure (D)
  A jelly (D)
  An iguana (D)
  An ufetubus (D)
  An adder skeleton (D)
  An orc (D)
  An endoplasm (D)
  A hobgoblin (D)
  2 jackals (D)
  A quokka (D)
  A ball python skeleton (D)
  2 ball python zombies (D)
  2 bats (D)
  A frilled lizard (D)
18 creatures vanquished.

Notes
Turn   | Place    | Note
-------+----------+-------------------------------------------
     0 | D        | rocky1 the Tengu Shapeshifter began the quest for the Orb.
     0 | D        | Reached XP level 1. HP: 12/12 MP: 2/2
    18 | D        | Found a bloodstained altar of Trog.
    18 | D        | Found a shimmering blue altar of Sif Muna.
    18 | D        | Found a viscous altar of Jiyva.
    18 | D        | Found a hazy altar of Hepliaklqana.
    18 | D        | Found an opulent altar of Gozag.
    19 | D        | Found a glowing golden altar of the Shining One.
    19 | D        | Found a glowing silver altar of Zin.
    19 | D        | Found a basalt altar of Yredelemnul.
    19 | D        | Found a shimmering altar of Xom.
    19 | D        | Found an ornate altar of the Wu Jian Council.
    19 | D        | Found a sacrificial altar of Ru.
    19 | D        | Found a stormy altar of Qazlal.
    19 | D        | Found an iron altar of Okawaru.
    19 | D        | Found a sparkling altar of Nemelex Xobeh.
    19 | D        | Found a burning altar of Makhleb.
    19 | D        | Found a blossoming altar of Fedhas.
    19 | D        | Found a white marble altar of Elyvilon.
    19 | D        | Found a shadowy altar of Dithmenos.
    19 | D        | Found a snail-covered altar of Cheibriados.
    22 | D        | Found a corrupted altar of Lugonu.
    22 | D        | Found a radiant altar of Vehumet.
    23 | D        | Found an ancient bone altar of Kikubaaqudgha.
    23 | D        | Found a hide-covered altar of Uskayaw.
    23 | D        | Found a broken altar of Ashenzari.
    26 | D        | Became a worshipper of Gozag Ym Sagoz the Greedy
    67 | D        | Reached skill level 4 in Unarmed Combat
    99 | D        | Reached XP level 2. HP: 14/16 MP: 3/3
   105 | D        | Noticed Prince Ribbit
   171 | D        | Killed Prince Ribbit
   172 | D        | Reached skill level 1 in Armour
   172 | D        | Reached skill level 8 in Unarmed Combat
   172 | D        | Reached XP level 3. HP: 10/21 MP: 4/4
   172 | D        | Reached XP level 4. HP: 12/26 MP: 5/5
   172 | D        | Reached XP level 5. HP: 14/30 MP: 6/6
   275 | D        | Noticed Menkaure
   280 | D        | Reached skill level 9 in Unarmed Combat
   286 | D        | Reached XP level 6. HP: 17/35 MP: 7/7
   289 | D        | Killed Menkaure
   290 | D        | Reached skill level 5 in Dodging
   290 | D        | Reached skill level 10 in Unarmed Combat
   482 | D        | Noticed Joseph
   486 | D        | Slain by Joseph

Illustrated notes

Levels and vault maps discovered:
D:        pitsprint [storerooms_1, entrance_room_1, metal_vault_2, armoury_2,
          mini_pit_1, grid_room_1, main_hall_1, silver_pit, the_coven_3,
          the_vestibule_1, steel_vault_5, golden_pit, hallway_of_sentries,
          crystal_vault_5, iron_vault_4, final_vault]

Skill      XL: |  1  2  3  4  5  6 |
---------------+-------------------+-----
Shapeshifting  | 3 6 7 |  7.7
Unarmed Combat | 4 8 9 10 | 10.3
Armour         | 1 2 |  2.6
Dodging        | 4 5 |  5.5
Fighting       | 2 |  2.2

Action                     |  1- 3 |  4- 6 || total
---------------------------+-------+-------++-------
  Melee: Unarmed           |    29 |    14 ||    43
         Kick              |     7 |     4 ||    11
         Peck              |     3 |     2 ||     5
         Punch             |     1 |       ||     1
    Use: Potion            |     1 |     1 ||     2
 Armour: Animal skin       |     6 |       ||     6
         Ring mail         |     5 |     5 ||    10
  Dodge: Dodged            |    14 |     8 ||    22

Table legend: (Time is in decaauts)
 A = Elapsed time spent in this place.
 B = Non-inter-level travel time spent in this place.
 C = Inter-level travel time spent in this place.
 D = Time resting spent in this place.
 E = Time spent auto-exploring this place.
 F = Levels seen in this place.
 G = Mean time per level.
                   A        B        C        D        E       F      G
               +--------+--------+--------+--------+--------+-----+--------+
         Total |    481 |    481 |      0 |    234 |      0 |   1 |  481.0 |
       Dungeon |    481 |    481 |      0 |    234 |      0 |   1 |  481.0 |
               +--------+--------+--------+--------+--------+-----+--------+

Top non-repeatable levels by time:
       D: 481 daAuts
